 Dungeon Crawl Stone Soup version 0.17-a0-854-g4a4ba72 (webtiles) character file.

1341 Lokkij the Spear-Bearer (level 8, -9/44 HPs)
             Began as a Tengu Gladiator on Apr 28, 2015.
             Was a Believer of Ru.
             Killed by divine providence
             ... invoked by an orc priest
              (12 damage)
             ... on level 6 of the Dungeon.
             The game lasted 00:13:40 (5149 turns).

Lokkij the Spear-Bearer (Tengu Gladiator)           Turns: 5149, Time: 00:13:40

Health: -9/44      AC: 11    Str: 16    XL:     8   Next: 62%
Magic:  9/9        EV: 15    Int: 15    God:    Ru [**....]
Gold:   265        SH:  2    Dex: 17    Spells: 0 memorised, 7 levels left

rFire  . . .     SeeInvis .     x - +5 falchion "Beast's Demise" {elec, Int+4 Dex+3}
rCold  . . .     Clarity  .     g - +0 ring mail
rNeg   . . .     SustAb   .     (no shield)
rPois  .         Gourm    .     c - +0 hat
rElec  .         Spirit   .     f - +2 cloak
rCorr  .         Warding  .     (no gloves)
rMut   .         Stasis   .     (boots unavailable)
MR     .....                    o - amulet of rage
Stlth  ..........               (no ring)
                                D - +1 ring of evasion

@: not resistant to hostile enchantments, extremely unstealthy
A: beak, talons 3, large bone plates 1, breathe flames 1, shaggy fur 1, no
stealth, no ice magic, no summoning magic, no transmutations magic, able to fly
1
a: Fly, Renounce Religion, Breathe Fire, Evoke Berserk Rage


You were on level 6 of the Dungeon.
You worshipped Ru.
Ru was pleased with you.
You were not hungry.

You visited 2 branches of the dungeon, and saw 7 of its levels.

You collected 265 gold pieces.

Inventory:

Hand weapons
 a - a +0 trident
 x - the +5 falchion "Beast's Demise" (weapon) {elec, Int+4 Dex+3}
   (You found it on level 4 of the Dungeon)

   Occasionally, upon striking a foe, it will discharge some electrical energy
   and cause terrible harm.
   It affects your intelligence (+4).
   It affects your dexterity (+3).
Missiles
 d - 3 throwing nets (quivered)
Armour
 b - a +0 leather armour
 c - a +0 hat (worn)
 f - a +2 cloak (worn)
 g - a +0 ring mail (worn)
Jewellery
 l - an uncursed ring of teleportation
 o - an amulet of rage (around neck)
 D - a +1 ring of evasion (left hand)
Magical devices
 q - a wand of fire (5)
 y - a wand of fire (5)
 C - a wand of polymorph (13)
Scrolls
 h - a scroll of blinking {unknown}
 i - 2 scrolls of random uselessness {unknown}
 m - a scroll of immolation {unknown}
 p - 6 scrolls of identify
 r - 2 scrolls of enchant armour {unknown}
 s - 3 scrolls of teleportation {unknown}
 t - 3 scrolls of remove curse
 w - a scroll of fear {unknown}
 z - a scroll of fog {unknown}
Potions
 n - a potion of restore abilities
 u - a potion of poison {unknown}
 v - 2 potions of brilliance {unknown}
 A - a potion of berserk rage {unknown}
Comestibles
 e - 4 bread rations
 j - 5 meat rations
 k - a beef jerky
 B - a chunk of flesh


   Skills:
 - Level 2.0 Fighting
 + Level 10.8 Polearms
 - Level 2.1 Throwing
 + Level 5.3 Dodging


You had 7 spell levels left.
You didn't know any spells.

Dungeon Overview and Level Annotations

Branches:
Dungeon (6/15)             Temple (1/1) D:4

Altars:
Cheibriados
Elyvilon
Fedhas
Gozag
Kikubaaqudgha
Makhleb
Okawaru
Ru
Sif Muna
Trog
Vehumet
Xom


Innate Abilities, Weirdness & Mutations

You have a beak for a mouth.
You have claws for feet.
You cannot be stealthy.
You cannot study or cast Ice magic.
You cannot study or cast Summoning magic.
You cannot study or cast Transmutations magic.
You can fly.
You are partially covered in large bone plates (AC +2, SH +2).
You can breathe flames.
You are covered in fur (AC +1).


Message History

The orc priest is severely wounded.
The orc priest invokes the aid of Beogh against you.
Pain shoots through your body!
* * * LOW HITPOINT WARNING * * *
The orc hits you but does no damage.
You redirect the orc priest's attack!
The orc priest misses you.
Drink which item? (? for menu, Esc to quit)
Okay, then.
You closely miss the orc priest.
The orc priest is severely wounded.
The orc hits you but does no damage.
The orc priest hits you but does no damage.
You block the orc's attack.
You closely miss the orc priest.
You claw the orc priest, but do no damage.
The orc priest is severely wounded.
The orc priest calls down the wrath of Beogh upon you.
Something smites you!
You die...

##.#.## # .
#.###.######..# .#
..####........# .#
......†#####.### .# #
.....8.#####...# .# .#
...............##.###.#
.(>....######..#).....#
.......# #...#.o.#
.......# #..#@#..#
.......######..##o..#
.....8.........###..#
.......######..# ..#
#.###### #..# ..# ..
#.... ..# .# #..###.##
. .#.# .# ###. .#


You could see an orc priest and an orc.

Vanquished Creatures
  The ghost of Sithun the Conjurer, an experienced OpCj of Vehumet (D:6)
  An ice beast (D:6)
  3 sky beasts (D:6)
  A scorpion (D:5)
  6 hounds
  3 orc priests
  A giant frog skeleton (D:4)
  2 orc wizards (D:4)
  Jessica (D:2)
  An iguana (D:5)
  4 worker ants
  A hound skeleton (D:6)
  5 gnolls
  4 adders
  A shadow imp (D:5)
  3 oozes
  An adder skeleton (D:6)
  4 worms
  3 giant geckos
  11 orcs
  16 bats
  A bat skeleton (D:4)
  21 goblins
  8 hobgoblins
  13 jackals
  15 kobolds
  A ball python (D:3)
  3 giant cockroaches
  3 giant newts
  A jackal skeleton (D:5)
  2 quokkas
  16 rats
157 creatures vanquished.

Vanquished Creatures (others)
  A fulminant prism (D:6)
1 creature vanquished.

Grand Total: 158 creatures vanquished

Notes
Turn   | Place    | Note
--------------------------------------------------------------
     0 | D:1      | Lokkij, the Tengu Gladiator, began the quest for the Orb.
     0 | D:1      | Reached XP level 1. HP: 12/12 MP: 2/2
   198 | D:1      | Reached XP level 2. HP: 17/17 MP: 3/3
   224 | D:1      | Reached skill level 4 in Polearms
   354 | D:1      | Reached XP level 3. HP: 21/21 MP: 4/4
   893 | D:2      | Found a sacrificial altar of Ru.
   893 | D:2      | Found a blossoming altar of Fedhas.
   900 | D:2      | Became a worshipper of Ru the Awakened
   993 | D:2      | Reached skill level 5 in Polearms
  1114 | D:2      | Reached XP level 4. HP: 26/26 MP: 5/5
  1457 | D:2      | Noticed Jessica
  1463 | D:2      | Killed Jessica
  1463 | D:2      | Reached skill level 6 in Polearms
  1466 | D:2      | Gained mutation: You can fly. [Tengu growth]
  1466 | D:2      | Reached XP level 5. HP: 30/30 MP: 6/6
  2201 | D:3      | Reached skill level 7 in Polearms
  2324 | D:3      | Gained mutation: You cannot be stealthy. [Ru sacrifice]
  2575 | D:3      | Reached XP level 6. HP: 35/35 MP: 7/7
  2724 | D:4      | Found a snail-covered altar of Cheibriados.
  2932 | D:4      | Reached skill level 8 in Polearms
  3224 | D:4      | Reached XP level 7. HP: 27/40 MP: 8/8
  3409 | D:4      | Got a pitted falchion
  3410 | D:4      | Identified the +5 falchion "Beast's Demise" {elec, Int+4 Dex+3} (You found it on level 4 of the Dungeon)
  3418 | D:4      | Found a staircase to the Ecumenical Temple.
  3428 | Temple   | Entered the Ecumenical Temple
  3454 | D:4      | Found a bloodstained altar of Trog.
  3539 | D:4      | Found an iron altar of Okawaru.
  3861 | D:5      | Entered Level 5 of the Dungeon
  4139 | D:5      | Reached skill level 9 in Polearms
  4476 | D:5      | Gained mutation: You cannot study or cast Ice magic. [Ru sacrifice]
  4476 | D:5      | Gained mutation: You cannot study or cast Transmutations magic. [Ru sacrifice]
  4476 | D:5      | Gained mutation: You cannot study or cast Summoning magic. [Ru sacrifice]
  4476 | D:5      | Acquired Ru's first power
  4476 | D:5      | Acquired Ru's second power
  4761 | D:6      | Reached skill level 10 in Polearms
  4917 | D:6      | Reached XP level 8. HP: 44/44 MP: 9/9
  4948 | D:6      | Gained mutation: You are covered in fur (AC +1). [mutagenic meat]
  4949 | D:6      | Gained mutation: You are partially covered in large bone plates (AC +2, SH +2). [mutagenic meat]
  4950 | D:6      | Gained mutation: You can breathe flames. [mutagenic meat]
  5096 | D:6      | Noticed Sithun's ghost (experienced OpCj)
  5107 | D:6      | Killed Sithun's ghost
  5131 | D:6      | Reached skill level 5 in Dodging
  5149 | D:6      | Killed from afar by an orc priest

Action                   |  1- 3 |  4- 6 |  7- 9 || total
-------------------------+-------+-------+-------++-------
Melee: Trident           |   106 |   203 |    27 ||   336
       Falchion          |       |       |   121 ||   121
Invok: Sacrifice Stealth |       |     1 |       ||     1
       Sacrifice Arcana  |       |       |     1 ||     1
  Use: Potion            |       |     4 |     1 ||     5
       Scroll            |       |     3 |       ||     3
  Eat: Chunk             |     1 |     6 |    10 ||    17
